 Dungeon Crawl Stone Soup version 0.23-a0-584-g44dd78f (webtiles) character file.

46 Inarius the Chopper (level 3, -7/29 HPs)
             Began as a Demonspawn Chaos Knight on Dec 17, 2018.
             Was a Plaything of Xom.
             Killed from afar by Natasha (8 damage)
             ... with a magic dart
             ... on level 2 of the Dungeon.
             The game lasted 00:01:59 (974 turns).

Inarius the Chopper (Demonspawn Chaos Knight)        Turns: 974, Time: 00:02:00

Health: -7/29      AC:  5    Str: 18    XL:     3   Next: 46%
Magic:  0/3        EV: 16    Int: 13    God:    Xom [..*...]
Gold:   127        SH:  0    Dex: 12    Spells: 2/2 levels left

rFire    . . .     SeeInvis .   f - +2 dagger (elec)
rCold    . . .     Gourm    .   (no shield)
rNeg     . . .     Faith    .   b - +2 leather armour
rPois    .         Spirit   +   (helmet restricted)
rElec    .         Reflect  .   (no cloak)
rCorr    .         Harm     .   (no gloves)
MR       .....                  (no boots)
Stlth    ++........             (no amulet)
HPRegen  0.09/turn              i - ring of stealth
MPRegen  0.08/turn              j - +5 ring of evasion

@: mighty, slowed, very slow
A: antennae 1, magic shield
a: Renounce Religion


You were on level 2 of the Dungeon.
You worshipped Xom.
You were a toy of Xom.
You were not hungry.

You visited 1 branch of the dungeon, and saw 2 of its levels.

You collected 127 gold pieces.

Inventory:

Hand Weapons
 a - a +0 hand axe of chaos
 f - a +2 dagger of electrocution (weapon)
Armour
 b - a +2 leather armour (worn)
 n - a +0 chain mail
Jewellery
 i - a ring of stealth (left hand)
 j - a +5 ring of evasion (right hand)
 l - an uncursed ring of protection from fire
Scrolls
 g - 2 scrolls of teleportation {unknown}
 k - 4 scrolls of remove curse {unknown}
 p - a scroll of blinking {unknown}
 r - a scroll of magic mapping {unknown}
Potions
 e - a potion of degeneration {unknown}
 m - a potion of haste {unknown}
 o - a potion of curing {unknown}
 q - a potion of invisibility {unknown}
Comestibles
 c - 2 rations
 d - 7 chunks of flesh


   Skills:
 + Level 3.2 Fighting
 * Level 3.6 Axes
 + Level 2.1 Armour
 + Level 1.2 Dodging


You had 2 spell levels left.
You didn't know any spells.
Your spell library was empty.

Dungeon Overview and Level Annotations

Branches:
Dungeon (2/15)

Altars:

Annotations:
D:2 Natasha


Innate Abilities, Weirdness & Mutations

You have a pair of small antennae on your head.
When hurt, damage is shared between your health and your magic reserves.


Message History

Natasha claws you!
You hit Natasha.
Natasha is severely wounded.
Natasha stares at you and mumbles some strange words.
The magic dart hits you!
* * * LOW HITPOINT WARNING * * *
Natasha claws you.
* * * LOW HITPOINT WARNING * * *
It was a potion of might.
You feel very mighty all of a sudden.
Xom thinks this is hilarious!
You feel less confused. Natasha closely misses you.
Okay, then.
Unknown command.
You barely miss Natasha.
Natasha is severely wounded.
Natasha casts a spell at you. The magic dart hits you!
You die...

#.......###.##.........
#..)....# #...........#
#.......# ########.#..#
#.......# ...##
#.#.....# ...#
#.####..# .....
#.......# #.###
######.## .# #@# #h#
#.# #.# #.# #.# #.# #.#


You could see Natasha.

Vanquished Creatures
  2 dart slugs
  2 leopard geckos (D:1)
  6 goblins
  5 hobgoblins
  7 kobolds (D:1)
  A quokka (D:2)
  3 ball pythons
  5 bats
  4 frilled lizards
  6 rats
41 creatures vanquished.

Notes
Turn   | Place    | Note
-------+----------+-------------------------------------------
     0 | D:1      | Inarius the Demonspawn Chaos Knight began the quest for the
                  | Orb.
     0 | D:1      | Reached XP level 1. HP: 18/18 MP: 1/1
   182 | D:1      | Reached skill level 1 in Dodging
   227 | D:1      | Gained mutation: You have a pair of small antennae on your
                  | head. [demonic ancestry]
   227 | D:1      | Reached XP level 2. HP: 24/24 MP: 2/2
   438 | D:1      | Gained mutation: When hurt, damage is shared between your
                  | health and your magic reserves. [demonic ancestry]
   438 | D:1      | Reached XP level 3. HP: 24/29 MP: 3/3
   534 | D:1      | XOM: divination: detect items
   594 | D:1      | XOM: divination: detect items
   947 | D:2      | XOM: blink monster(s)
   957 | D:2      | Noticed Natasha
   969 | D:2      | XOM: confusion
   971 | D:2      | XOM: noise
   972 | D:2      | HP: 1/29 [Natasha (5)]
   974 | D:2      | Killed from afar by Natasha

Vault maps used:
D:1:      minmay_arrival_widening_spiral_wide, minmay_box_of_dots
D:2:      first_ration, uniq_natasha

Skill      XL: |  1  2 |
---------------+-------+-----
Axes           | 3 |  3.6
Dodging        | 1 |  1.2
Armour         | 2 |  2.1
Fighting       | |  3.2

Action                   || total
-------------------------++-------
Melee: Hand axe          ||    33
       Dagger            ||    73
  Use: Potion            ||     1
 Stab: Sleeping          ||     3
Armor: Leather armour    ||    29
Dodge: Dodged            ||    79

Table legend:
 A = Non-vault XP
 B = Vault XP
 C = Vault XP percentage of total XP
 D = Non-vault monster count
 E = Vault monster count
 F = Vault count percentage of total count
                 A         B        C        D         E       F
            +---------+---------+-------+---------+---------+-------
      Total |      59 |       8 |  11.9 |      38 |       3 |   7.3
            +---------+---------+-------+---------+---------+-------
        D:1 |      37 |       8 |  17.8 |      23 |       3 |  11.5
        D:2 |      22 |       0 |   0.0 |      15 |       0 |   0.0
            +---------+---------+-------+---------+---------+-------
